 Dungeon Crawl Stone Soup version 0.18.1-48-g4cf74bf (webtiles) character file.

26 KingGeedorah the Changer (level 2, 0/23 HPs)
             Began as a Draconian Transmuter on July 21, 2016.
             Slain by a giant gecko (4 damage)
             ... on level 1 of the Dungeon.
             The game lasted 00:00:50 (377 turns).

KingGeedorah the Changer (Draconian Transmuter)      Turns: 377, Time: 00:00:50

Health: 0/23       AC:  4    Str: 12    XL:     2   Next: 89%
Magic:  3/5        EV: 12    Int: 13    God:
Gold:   70         SH:  0    Dex: 11    Spells: 2 memorised, 2 levels left

rFire  . . .     SeeInvis .       - Unarmed
rCold  . . .     Gourm    .     (armour unavailable)
rNeg   . . .     Faith    .     (no shield)
rPois  .         Spirit   .     (helmet restricted)
rElec  .         Dismiss  .     (no cloak)
rCorr  .         Reflect  .     (no gloves)
SustAt .         Harm     .     (no boots)
MR     .....                    (no amulet)
Stlth  +.........               (no ring)
                                (no ring)

@: not resistant to hostile enchantments, very unstealthy
A: unfitting armour, cold-blooded, AC +4
a: no special abilities


You were on level 1 of the Dungeon.
You were not hungry.

You visited 1 branch of the dungeon, and saw 1 of its levels.

You collected 70 gold pieces.

Inventory:

Missiles
 a - 11 arrows
Scrolls
 e - a scroll of identify {unknown}
 f - a scroll of enchant weapon {unknown}
Books
 b - a book of Changes

   Spells                             Type                      Level
   a - Beastly Appendage              Transmutation                1
   b - Sticks to Snakes               Transmutation                2
   c - Spider Form                    Transmutation/Poison         3
   d - Ice Form                       Ice/Transmutation            4
   e - Blade Hands                    Transmutation                5
Comestibles
 c - a bread ration
 d - a meat ration


   Skills:
 - Level 1.1 Fighting
 - Level 1.7 Dodging
 - Level 3.0 Unarmed Combat
 - Level 2.0 Spellcasting
 + Level 3.4 Transmutations


You had 2 spell levels left.
You knew the following spells:

 Your Spells              Type           Power        Failure   Level  Hunger
a - Beastly Appendage     Trmt           ##....       10%         1    ##.....
b - Sticks to Snakes      Trmt           ##......     12%         2    ###....


Dungeon Overview and Level Annotations

Branches:
Dungeon (1/15)

Altars:


Innate Abilities, Weirdness & Mutations

Your plain brown scales are hard (AC +4).
Your body does not fit into most forms of armour.
You are cold-blooded and may be slowed by cold attacks.


Message History

You are too injured to fight recklessly!
You are too injured to fight recklessly!
You are too injured to fight recklessly!
Casting: Beastly Appendage
Confirm with . or Enter, or press ? or * to list all spells.
You create a snake!
You now have 11 arrows.
The giant gecko closely misses you.
Unknown command.
The giant gecko barely misses you.
Your ball python barely misses the giant gecko.
Your ball python misses the giant gecko.
You swap places.
The giant gecko bites you.
* * * LOW HITPOINT WARNING * * *
Your ball python bites the giant gecko.
Your ball python grabs the giant gecko.
Your ball python constricts the giant gecko.
The giant gecko closely misses you.
Unknown command.
Your ball python bites the giant gecko.
Your ball python constricts the giant gecko.
The giant gecko bites you.
You die...

########.....####.##
....................
########......###.####.
########....#...#......
............##.........
....#...)#.............
....#....##.....######.
......#......#.l...#
......##..#..##S@..#
##.#...)..#........#
...##.....###......#
##.....#......#....#
###...##.....##...#
#.......#.. ...$#
#..####.## ....# #... #
#...# ##.##


You could see a giant gecko and a friendly ball python.

Vanquished Creatures
  A gnoll (D:1)
  2 dart slugs (D:1)
  A giant gecko (D:1)
  A goblin (D:1)
  4 hobgoblins (D:1)
  3 rats (D:1)
12 creatures vanquished.

Notes
Turn   | Place    | Note
--------------------------------------------------------------
     0 | D:1      | KingGeedorah the Draconian Transmuter began the quest for the Orb.
     0 | D:1      | Reached XP level 1. HP: 16/16 MP: 3/3
   148 | D:1      | Reached XP level 2. HP: 22/23 MP: 3/5
   164 | D:1      | Learned a level 2 spell: Sticks to Snakes
   377 | D:1      | Slain by a giant gecko

Skill      XL: |  1  2 |
---------------+-------+-----
Transmutations | 3 |  3.4
Fighting       | |  1.1
Dodging        | |  1.7
Unarmed Combat | |  3.0
Spellcasting   | |  2.0

Action                   || total
-------------------------++-------
Melee: Unarmed           ||    44
       Tailslap          ||     2
 Cast: Beastly Appendage ||     1
       Sticks to Snakes  ||     1
Armor: Skin              ||     6
Dodge: Dodged            ||    23
